 Dungeon Crawl Stone Soup version 0.18.1-5-g4a78601 (webtiles) character file.

473 epen the Ducker (level 7, -7/46 HPs)
             Began as a Halfling Gladiator on May 13, 2016.
             Mangled by an ogre
             ... wielding a +0 giant club
              (19 damage)
             ... on level 4 of the Dungeon.
             The game lasted 00:04:36 (2968 turns).

epen the Ducker (Halfling Gladiator)                Turns: 2968, Time: 00:04:37

Health: -7/46      AC:  6    Str: 17    XL:     7   Next: 32%
Magic:  7/7        EV: 16    Int: 11    God:
Gold:   81         SH:  0    Dex: 15    Spells: 0 memorised, 6 levels left

rFire  . . .     SeeInvis .     a - +0 long sword
rCold  . . .     Gourm    .     j - +0 ring mail
rNeg   . . .     Faith    .     (shield restricted)
rPois  +         Spirit   .     c - +0 helmet
rElec  .         Dismiss  .     (no cloak)
rCorr  .         Reflect  .     (no gloves)
SustAt .         Harm     .     (no boots)
MR     .....                    (no amulet)
Stlth  +.........               y - ring of poison resistance
                                q - +4 ring of intelligence

@: not resistant to hostile enchantments, very unstealthy
A: mutation resistance 1
a: no special abilities


You were on level 4 of the Dungeon.
You were very hungry.

You visited 1 branch of the dungeon, and saw 4 of its levels.

You collected 81 gold pieces.

Inventory:

Hand Weapons
 a - a +0 long sword (weapon)
Missiles
 d - 3 throwing nets (quivered)
Armour
 b - a +0 leather armour
 c - a +0 helmet (worn)
 j - a +0 ring mail (worn)
Jewellery
 q - a +4 ring of intelligence (left hand)
 y - a ring of poison resistance (right hand)
 z - a cursed -2 ring of intelligence
Scrolls
 g - 3 scrolls of teleportation {unknown}
 h - 3 scrolls of enchant armour {unknown}
 m - a scroll of amnesia {unknown}
 o - a scroll of recharging {unknown}
 p - 5 scrolls of identify {unknown}
 x - a scroll of fog {unknown}
Potions
 e - 2 potions of flight {unknown}
 i - a potion of lignification {unknown}
 k - a potion of haste {unknown}
 n - a potion of curing {unknown}
 r - 2 potions of degeneration {unknown}
 u - a potion of might {unknown}
 v - 3 potions of invisibility {unknown}
Comestibles
 f - 2 bread rations
 l - a royal jelly
 s - a slice of pizza
 t - a beef jerky
 w - a meat ration


   Skills:
 + Level 3.1 Fighting
 * Level 5.2 Long Blades
 - Level 2.1 Throwing
 + Level 3.0 Armour
 * Level 5.4 Dodging


You had 6 spell levels left.
You didn't know any spells.

Dungeon Overview and Level Annotations

Branches:
Dungeon (4/15)
 Temple: D:4-7

Altars:
Kikubaaqudgha

Annotations:
D:3 George's ghost, amateur OgHu; Ijyb


Innate Abilities, Weirdness & Mutations

You are small and have problems with some larger weapons.
You are somewhat resistant to further mutation.


Message History

You open the door.
An ogre comes into view. It is wielding a giant club.
The ogre shouts!
There is an open door here.
An ogre is nearby!
You hit the ogre.
The ogre is lightly wounded.
You are feeling very hungry.
The ogre hits you with a giant club!
You hit the ogre.
The ogre is moderately wounded.
The ogre hits you with a giant club!!
* * * LOW HITPOINT WARNING * * *
You are too injured to fight recklessly!
You are too injured to fight recklessly!
There is an open door here.
You hit the ogre.
The ogre is moderately wounded.
The ogre hits you with a giant club!!
You die...

##########.......###..#....####
#.......##+######..##.......
+.......'......#....#.......
#.......#......+....#.......
#.......#..######.###.......
.........#################...
.........<#...............#...
..........#...............##'#
..........#..@................
##.......##O####...##....##..
#.............# ##....##..
#..................#....####
#..................#....#...
########...........#....#...
#...........+....#...
+...........#....'...
#...........#+####...


You could see an ogre.

Vanquished Creatures
  Grinder (D:3)
  A water moccasin skeleton (D:4)
  A howler monkey (D:4)
  A worker ant (D:4)
  10 adders
  An ooze (D:2)
  3 worms
  A dart slug (D:2)
  2 giant geckos
  An orc (D:3)
  3 giant cockroaches
  9 goblins
  8 hobgoblins
  4 jackals (D:3)
  3 kobolds
  A quokka (D:3)
  3 ball pythons
  5 bats
  3 giant newts
  9 rats
  2 rat zombies (D:2)
72 creatures vanquished.

Notes
Turn   | Place    | Note
--------------------------------------------------------------
     0 | D:1      | epen the Halfling Gladiator began the quest for the Orb.
     0 | D:1      | Reached XP level 1. HP: 14/14 MP: 1/1
   189 | D:1      | Reached XP level 2. HP: 11/19 MP: 2/2
   903 | D:2      | Reached XP level 3. HP: 24/24 MP: 3/3
   951 | D:2      | Reached skill level 1 in Armour
  1033 | D:2      | Reached XP level 4. HP: 18/29 MP: 4/4
  1435 | D:2      | Found an ancient bone altar of Kikubaaqudgha.
  1513 | D:3      | Reached XP level 5. HP: 33/35 MP: 5/5
  1586 | D:3      | Noticed Grinder
  1595 | D:3      | Killed Grinder
  1595 | D:3      | Reached skill level 5 in Dodging
  1595 | D:3      | Reached XP level 6. HP: 25/41 MP: 6/6
  1868 | D:3      | Noticed George's ghost (amateur OgHu)
  1870 | D:3      | Noticed Ijyb
  2598 | D:4      | Reached XP level 7. HP: 33/46 MP: 7/7
  2609 | D:4      | Reached skill level 5 in Long Blades
  2968 | D:4      | Mangled by an ogre

Skill      XL: |  1  2  3  4  5  6  7 |
---------------+----------------------+-----
Armour         | 1 2 3 |  3.0
Fighting       | 2 3 |  3.1
Dodging        | 4 5 |  5.4
Long Blades    | 4 5 |  5.2
Throwing       | |  2.1

Action                   |  1- 3 |  4- 6 |  7- 9 || total
-------------------------+-------+-------+-------++-------
Melee: Long sword        |    85 |   176 |    35 ||   296
  Eat: Chunk             |       |     6 |       ||     6
Armor: Leather armour    |     4 |       |       ||     4
       Ring mail         |    22 |    58 |     3 ||    83
Dodge: Dodged            |    79 |   177 |    25 ||   281
